 Dungeon Crawl Stone Soup version 0.29.1-12-g30fa7ad0bf (webtiles) character file.

Game seed: 14990657967663131157

1188 SaifuuSuri the Ducker (level 8, 0/64 HPs)
             Began as a Merfolk Gladiator on Dec 27, 2022.
             Was a Believer of Wu Jian.
             Killed by divine providence
             ... invoked by an orc priest
              (13 damage)
             ... on level 7 of the Dungeon on Dec 30, 2022.
             The game lasted 01:20:02 (5527 turns).

SaifuuSuri the Ducker (Merfolk Gladiator)           Turns: 5527, Time: 01:20:06

Health: 0/64       AC:  8    Str: 20    XL:     8   Next: 43%
Magic:  8/8        EV: 15    Int:  7    God:    Wu Jian [**....]
Gold:   263        SH:  0    Dex: 15    Spells: 7/7 levels left

rFire   + + .      SeeInvis .   u - +5 spear of Subjectivity {flame, rF++ Str-3}
rCold   . . .      Faith    .   (no shield)
rNeg    + + .      Spirit   .   p - +1 leather armour {rN+}
rPois   .          Reflect  .   c - +0 helmet
rElec   .          Harm     .   l - scarf {repulsion}
rCorr   .          Rampage  .   i - +1 pair of gloves
Will    .....                   a - +0 pair of boots
Stlth   +.........              (no amulet)
HPRegen 0.20/turn               n - +6 ring of strength
MPRegen 0.11/turn               v - ring of positive energy

@: confused, repel missiles
A: (nimble swimmer 2), mertail
a: Renounce Religion, Wall Jump


You were on level 7 of the Dungeon.
You worshipped Wu Jian.
Wu Jian was pleased with you.
You visited 2 branches of the dungeon, and saw 8 of its levels.

You collected 263 gold pieces.

Inventory:

Hand Weapons
 h - a +2 spear of venom
 t - a +2 long sword of holy wrath
 u - the +5 spear of Subjectivity (weapon) {flame, rF++ Str-3}
   (You found it on level 4 of the Dungeon)

   It burns those it strikes, dealing additional fire damage.
   Str:       It affects your strength (-3).
   rF:        It greatly protects you from fire.
Missiles
 d - a throwing net (quivered)
 e - a javelin
 m - 5 silver javelins
 z - 6 poisoned darts
Armour
 a - a +0 pair of boots (worn)
 c - a +0 helmet (worn)
 i - a +1 pair of gloves (worn)
 l - a scarf of repulsion (worn)
 p - a +1 leather armour of positive energy (worn)
Magical Staves
 o - a staff of air
Jewellery
 n - a +6 ring of strength (left hand)
 v - a ring of positive energy (right hand)
 x - a ring of positive energy
 A - a +6 ring of dexterity
Wands
 y - a wand of acid (5)
Scrolls
 b - 5 scrolls of magic mapping
 g - a scroll of vulnerability
 r - a scroll of identify
 w - a scroll of fog
Potions
 f - 5 potions of curing
 k - a potion of lignification
 q - a potion of resistance


   Skills:
 + Level 5.7 Fighting
 + Level 7.5 Polearms
 + Level 5.2 Throwing
 + Level 7.5 Dodging


You had 7 spell levels left.
You didn't know any spells.
Your spell library contained the following spells:

 Spells                   Type           Power      Damage    Failure   Level
 Blink                    Tloc           0%         N/A       63%         2
 Lesser Beckoning         Tloc           0%         N/A       86%         3
 Portal Projectile        Hex/Tloc       0%         N/A       86%         3
 Tukima's Dance           Hex            0%         N/A       86%         3
 Blade Hands              Tmut           0%         N/A       100%        5
 Manifold Assault         Tloc           0%         N/A       100%        5


Dungeon Overview and Level Annotations

Branches:
Dungeon (7/15)             Temple (1/1) D:4

Altars:
Fedhas
Kikubaaqudgha
Makhleb
Ru
Sif Muna
Trog
Vehumet
Wu Jian
Xom
Yredelemnul
Zin


Innate Abilities, Weirdness & Mutations

((You are very nimble when in or above water. (Stealth+, EV+, Speed+++)))
Your lower body shifts to a powerful aquatic tail in water.


Message History

You feel less confused.
The orc priest hits you but does no damage.
The orc wizard gestures at you while chanting.
You resist with some effort.
The orc warrior hits you but does no damage.
You hit the orc warrior but do no damage.
The orc warrior is heavily wounded.
You puncture the orc warrior! You burn the orc warrior.
You kill the orc warrior!
The Council accepts your kill.
The orc wizard casts a spell.
The orc wizard flickers and vanishes!
Deactivating autopickup; reactivate with Ctrl-A.
The orc priest hits you but does no damage.
The orc priest invokes the aid of Beogh against you.
You are unaffected.
You spin and attack the orc wizard repeatedly.
You puncture the orc wizard! You burn the orc wizard.
You kill the orc wizard!
The Council accepts your kill.
You spin and attack the orc priest.
You puncture the orc priest! You burn the orc priest.
The orc priest is severely wounded.
The orc priest misses you.
You hit the orc priest but do no damage.
The orc priest is severely wounded.
You hear some strange, mumbled words.
You are confused.
The orc priest closely misses you.
The orc priest calls down the wrath of Beogh upon you.
You struggle to resist.
You completely miss the orc priest. You barely miss the orc priest.
You hear some strange, mumbled words.
A magic dart appears from out of thin air!
The magic dart hits you.
* * * LOW HITPOINT WARNING * * *
The orc priest mumbles some strange prayers to Beogh against you.
Beogh smites you!
You die...

#.....##
#......##
##.......##
#.........##
#..........##
#............
#............
#.@{.........
#.oo.........
#..)........>
#...........#
#...........#
#..........##
#..........#
##...####.##
##### ##


You could see 2 orc priests.

Vanquished Creatures
  A black bear (D:5)
  An orc warrior (D:7)
  2 phantoms (D:6)
  2 scorpions (D:5)
  A necrophage (D:5)
  A bullfrog (D:6)
  A centaur zombie (D:6)
  A bullfrog skeleton (D:6)
  3 hounds
  2 orc priests
  3 iguanas
  5 orc wizards
  Robin (D:3)
  A gnoll (D:3)
  5 adders
  5 worms
  3 dart slugs
  13 orcs
  8 endoplasms
  3 giant cockroaches
  14 goblins
  10 hobgoblins
  8 jackals
  6 kobolds
  4 quokkas
  7 ball pythons
  9 bats
  2 frilled lizards
  9 rats
131 creatures vanquished.

Vanquished Creatures (others)
  An orc (D:6)
  9 plants (D:3)
10 creatures vanquished.

Grand Total: 141 creatures vanquished

Notes
Turn   | Place    | Note
-------+----------+-------------------------------------------
     0 | D:1      | SaifuuSuri the Merfolk Gladiator began the quest for the
                  | Orb.
     0 | D:1      | Reached XP level 1. HP: 16/16 MP: 1/1
    20 | D:1      | Found a faded altar of an unknown god.
   129 | D:1      | Reached XP level 2. HP: 17/23 MP: 2/2
   310 | D:1      | Reached XP level 3. HP: 27/28 MP: 3/3
  1476 | D:2      | Reached XP level 4. HP: 34/34 MP: 4/4
  1940 | D:3      | Found an ornate altar of the Wu Jian Council.
  1947 | D:3      | Became a worshipper of the Wu Jian Council
  1969 | D:3      | Noticed Robin
  1989 | D:3      | Killed Robin
  2001 | D:3      | Reached skill level 5 in Polearms
  2344 | D:3      | Reached skill level 5 in Dodging
  2361 | D:3      | Reached XP level 5. HP: 41/41 MP: 5/5
  2947 | D:3      | Reached * piety under Wu Jian
  3089 | D:4      | Found a staircase to the Ecumenical Temple.
  3331 | D:4      | Noticed a moth of wrath
  3393 | D:4      | Found a glowing silver altar of Zin.
  3476 | D:4      | Reached XP level 6. HP: 44/48 MP: 6/6
  3576 | Temple   | Entered the Ecumenical Temple
  3819 | D:4      | Found a sacrificial altar of Ru.
  3865 | D:4      | Found a bloodstained altar of Trog.
  3895 | D:4      | Identified the +5 spear of Subjectivity {flame, rF++ Str-3}
  4199 | D:5      | Entered Level 5 of the Dungeon
  4218 | D:5      | Reached ** piety under Wu Jian
  4394 | D:5      | Found a blossoming altar of Fedhas.
  4574 | D:5      | Reached XP level 7. HP: 55/55 MP: 7/7
  4873 | D:5      | Reached skill level 5 in Fighting
  5185 | D:6      | Reached XP level 8. HP: 62/62 MP: 8/8
  5204 | D:6      | Reached skill level 5 in Throwing
  5527 | D:7      | Killed from afar by an orc priest

Illustrated notes

Levels and vault maps discovered:
D:1:      scummos_arrival_hexagon, layout_basic,
          chequers_ecumenical_altar_simple, nicolae_figureground_pulse
D:2:      layout_loops_corners, kennysheep_small_spiral
D:3:      layout_basic, lemuel_doored_altar, serial_bayou_lagoon_a,
          minmay_unequal, uniq_robin
D:4:      layout_loops_ring, mainiacjoe_overflow_alcove_4,
          nicolae_ru_great_annihilating_truth, tgw_trog,
          minmay_temple_entry_stoned_glass
D:5:      layout_loops_ring, fedhas_altar_1, nrook_campfire
D:6:      layout_cave_pools, mainiacjoe_overflow_alcove_2, gammafunk_ghost_icy,
          serial_undead, serial_undead_a, serial_undead_f, serial_undead_a,
          serial_undead_f, serial_undead_e, serial_undead_a, serial_undead_a,
          serial_undead_b, nicolae_elevator_lobby_plus
D:7:      layout_cave_pods, grunt_dithmenos_shadows, enter_bailey_1
Temple:   nicolae_temple_two_arcs

Skill      XL: |  1  2  3  4  5  6  7  8 |
---------------+-------------------------+-----
Fighting       | 3 4 5 |  5.7
Polearms       | 5 6 7 |  7.5
Throwing       | 3 4 5 |  5.2
Dodging        | 5 6 7 |  7.5

Action                   |  1- 3 |  4- 6 |  7- 9 || total
-------------------------+-------+-------+-------++-------
Melee: Trident           |   100 |    17 |       ||   117
       Punch             |     2 |     4 |       ||     6
       Tailslap          |     1 |     8 |       ||     9
       Spear             |       |   189 |    88 ||   277
Throw: Throwing net      |     1 |       |     1 ||     2
       Boomerang         |       |     1 |       ||     1
Invok: Lunge             |       |    26 |     5 ||    31
       Whirlwind         |       |     9 |    12 ||    21
  Use: Scroll            |     3 |     6 |     2 ||    11
       Potion            |       |     2 |     3 ||     5
 Stab: Held in net/web   |     2 |       |       ||     2
       Sleeping          |     1 |     2 |       ||     3
       Paralysed         |       |     2 |       ||     2
       Distracted        |       |     1 |       ||     1
Armor: Leather armour    |    25 |    42 |    42 ||   109
Dodge: Dodged            |    66 |   116 |    84 ||   266
       Repelled          |       |     3 |     1 ||     4
